 Dungeon Crawl Stone Soup version 0.23.2-1-ga50397a (webtiles) character file.

Game seed: 10640943903619965725

29 Iscandelvey the Vexing (level 3, 16/26 HPs)
             Began as a Demonspawn Arcane Marksman on Apr 26, 2019.
             Quit the game on level 1 of the Dungeon.
             The game lasted 00:01:00 (748 turns).

Iscandelvey the Vexing (Demonspawn Arcane Marksman)  Turns: 748, Time: 00:01:01

Health: 16/26      AC:  2    Str: 10    XL:     3   Next: 1%
Magic:  4/4        EV: 12    Int: 15    God:
Gold:   41         SH:  0    Dex: 13    Spells: 3/4 levels left

rFire    . . .     SeeInvis .   a - +0 hand crossbow
rCold    . . .     Gourm    .   (no shield)
rNeg     . . .     Faith    .   e - +0 robe
rPois    .         Spirit   .   (no helmet)
rElec    .         Reflect  .   (no cloak)
rCorr    .         Harm     .   (no gloves)
MR       .....                  (no boots)
Stlth    +.........             (no amulet)
HPRegen  0.08/turn              (no ring)
MPRegen  0.09/turn              (no ring)

@: no status effects
A: rot immunity, sturdy frame 1
a: no special abilities


You were on level 1 of the Dungeon.
You were not hungry.

You visited 1 branch of the dungeon, and saw 1 of its levels.

You collected 41 gold pieces.

Inventory:

Hand Weapons
 a - a +0 hand crossbow (weapon)
 i - a +0 short sword
Missiles
 d - 3 bolts (quivered)
Armour
 e - a +0 robe (worn)
Jewellery
 g - an uncursed ring of positive energy {unknown}
Scrolls
 b - 3 scrolls of amnesia {unknown}
Potions
 c - a potion of ambrosia {unknown}
 h - a potion of curing {unknown}
 k - a potion of berserk rage {unknown}
 l - a potion of magic {unknown}
Comestibles
 f - 2 rations
 j - a chunk of flesh


   Skills:
 + Level 1.2 Fighting
 + Level 2.3 Crossbows
 + Level 2.1 Dodging
 + Level 0.2 Stealth
 + Level 1.0 Spellcasting
 + Level 3.4 Hexes


You had 3 spell levels left.
You knew the following spells:

 Your Spells              Type           Power        Failure   Level  Hunger
a - Corona                Hex            ##.....      6%          1    ##.....

Your spell library contained the following spells:

 Spells                   Type           Power        Failure   Level  Hunger
 Slow                     Hex            ##......     9%          2    ###....
 Inner Flame              Hex/Fire       #.......     36%         3    ####...
 Portal Projectile        Hex/Tloc       #.....       36%         3    ####...
 Cause Fear               Hex            ##........   52%         4    #####..
 Leda's Liquefaction      Hex/Erth       #.........   77%         4    #####..


Dungeon Overview and Level Annotations

Branches:
Dungeon (1/15)

Altars:


Innate Abilities, Weirdness & Mutations

You are immune to rotting.
Your movements are slightly less encumbered by armour. (ER -2)


Message History

There are monsters nearby!
Firing (i - inventory)
d - 5 bolts (quivered)
Press: ? - help, Shift-Dir - straight line, f/p - jackal
Aim: a jackal (lightly wounded)
You shoot a bolt. The bolt hits the jackal.
The jackal is moderately wounded.
The jackal closely misses you. The jackal bites you.
There are monsters nearby!
Firing (i - inventory)
d - 4 bolts (quivered)
Press: ? - help, Shift-Dir - straight line, f/p - jackal
Aim: a jackal (moderately wounded)
You shoot a bolt. The bolt hits the jackal!
You kill the jackal!
You have reached level 3!
Your experience leads to an increase in your attributes!
Increase (S)trength, (I)ntelligence, or (D)exterity?
You feel clever.
Your demonic ancestry asserts itself...
You feel immune to rotting. The jackal bites you.
Are you sure you want to abandon this character and quit the game? (Confirm with "yes".)

.(...# #.#.....#
.....# #..####.#
#....#####..#
#.#
..#.........#
#.#
.##.#(##.##.#
#.#
.##.........#
#.#
###.#.##.#..#
#.# # #.#.# #..
#.# ###.#.##.#..
#@#
............#
#h#
......##.....
... #####.#
#.### ##.## #
#.# #.# #.# #
#.# #.# #.# #.#
#.# #.# #.###.##
#(#
###.##.#.#####.#


You could see a jackal.

Vanquished Creatures
  2 dart slugs (D:1)
  2 leopard geckos (D:1)
  4 bats (D:1)
  2 goblins (D:1)
  3 hobgoblins (D:1)
  A jackal (D:1)
  A frilled lizard (D:1)
  4 kobolds (D:1)
  4 rats (D:1)
23 creatures vanquished.

Notes
Turn   | Place    | Note
-------+----------+-------------------------------------------
     0 | D:1      | Iscandelvey the Demonspawn Arcane Marksman began the quest
                  | for the Orb.
     0 | D:1      | Reached XP level 1. HP: 15/15 MP: 2/2
    93 | D:1      | Gained mutation: Your movements are slightly less
                  | encumbered by armour. (ER -2) [demonic ancestry]
    93 | D:1      | Reached XP level 2. HP: 21/21 MP: 3/3
   747 | D:1      | Gained mutation: You are immune to rotting. [demonic
                  | ancestry]
   747 | D:1      | Reached XP level 3. HP: 17/26 MP: 4/4
   748 | D:1      | Quit the game

Skill      XL: |  1  2 |
---------------+-------+-----
Dodging        | 2 |  2.1
Crossbows      | 2 |  2.3
Fighting       | |  1.2
Stealth        | |  0.2
Spellcasting   | |  1.0
Hexes          | |  3.4

Action                   || total
-------------------------++-------
Melee: Hand crossbow     ||    18
       Short sword       ||     3
 Fire: Hand crossbow     ||    69
 Cast: Corona            ||     1
Armor: Robe              ||    15
Dodge: Dodged            ||    61
